 Dungeon Crawl Stone Soup version 0.20.1-1-g8b1a95d (webtiles) character file.

37 Cricketeer the Slasher (level 3, -1/51 HPs)
             Began as a Minotaur Berserker on Nov 26, 2017.
             Was a Believer of Trog.
             Slain by a gnoll
             ... wielding a +0 spear
              (5 damage)
             ... on level 2 of the Dungeon.
             The game lasted 00:05:37 (976 turns).

Cricketeer the Slasher (Minotaur Berserker)          Turns: 976, Time: 00:05:37

Health: -1/51      AC: 21    Str: 22    XL:     3   Next: 23%
Magic:  2/2        EV:  2    Int:  4    God:    Trog [**....]
Gold:   40         SH:  0    Dex:  9    Spells: 2/2 levels left

rFire    . . .     SeeInvis .   a - +0 falchion
rCold    . . .     Gourm    .   (no shield)
rNeg     + + +     Faith    .   (armour currently unavailable)
rPois    +         Spirit   .   (helmet currently unavailable)
rElec    .         Reflect  .   (cloak currently unavailable)
rCorr    .         Harm     .   (gloves currently unavailable)
MR       .....     NoTele   +   (boots currently unavailable)
Stlth    +.........             (no amulet)
Regen    0.2/turn               (no ring)
MPRegen  0.1/turn               (no ring)

@: tree-form
A: (retaliatory headbutt)
a: Berserk, Trog's Hand, Burn Spellbooks, Renounce Religion


You were on level 2 of the Dungeon.
You worshipped Trog.
Trog was pleased with you.
You were not hungry.
You were a tree.
You visited 1 branch of the dungeon, and saw 2 of its levels.

You collected 40 gold pieces.

Inventory:

Hand Weapons
 a - a +0 falchion (weapon)
Armour
 b - a +0 animal skin
 e - a +0 helmet
 o - a +0 robe (melded)
 p - a +0 ring mail
Jewellery
 m - an uncursed ring of stealth {unknown}
Scrolls
 j - a scroll of fog
 l - 2 scrolls of remove curse
Potions
 g - a potion of curing {unknown}
 i - a potion of ambrosia {unknown}
 k - a potion of invisibility {unknown}
Comestibles
 c - 2 bread rations
 d - 3 chunks of flesh
 h - 2 fruits
 q - a meat ration


   Skills:
 + Level 4.3 Fighting
 + Level 4.4 Long Blades
 + Level 2.5 Armour
 + Level 2.3 Dodging
 + Level 0.1 Stealth


You had 2 spell levels left.
You didn't know any spells.

Dungeon Overview and Level Annotations

Branches:
Dungeon (2/15)

Altars:
Kikubaaqudgha
Xom


Innate Abilities, Weirdness & Mutations

((You reflexively headbutt those who attack you in melee.))
((You have a pair of horns on your head.))


Message History

You cannot move.
You cannot move.
You cannot move.
You cannot move.
Unknown command.
Unknown command.
Unknown command.
Unknown command.
Unknown command.
Unknown command.
Drop what? 15/52 slots (_ for help) (? for menu, Esc to quit)
Okay, then.
Unknown command.
You cannot move.
As you read the scroll labeled JIRIEG ICZATHRORE, it crumbles to dust.
You feel as if something is helping you.
It was a scroll of remove curse.
The adder bites the plant but does no damage.
The gnoll hits you from afar with a spear.
You die...

#.# ###..............#### #..
##.###...#..####....#....# #.#
...#.........# ##..##P♣♣.###.#
..)..##......####.♣##P♣♣...#.#
...####......##.....♣♣.♣♣..#.#
...# .......#P.P♣♣..P..P....####
.>.# #........P.♣♣♣.♣.PP♣♣.......
...# #.........P♣♣.P..Pg♣♣...####
...# ...##..#♣♣♣♣♣P..♣♣♣♣PP..####
##.##...##..#♣♣.)...♣♣P.......>..
##.##...##. ♣.PPg♣♣....P♣♣♣##.##
....#...##...PP.g♣P....P..♣ #...
###.#...##..P§♣♣PS..♣..♣♣♣♣ #...
#.....##..♣♣ ♣§.....♣♣ #...
###....##.. P§.#.... #...
#......##. P......♣P♣ #.##
##.#....## ♣.#...#♣... #.#


You could see 2 gnolls and an adder.

Vanquished Creatures
  A dart slug (D:1)
  2 ball pythons (D:1)
  2 giant cockroaches (D:2)
  5 goblins
  6 hobgoblins
  2 jackals (D:2)
  2 quokkas (D:2)
  5 bats
  3 frilled lizards (D:1)
  A kobold (D:1)
29 creatures vanquished.

Vanquished Creatures (others)
  A plant (D:2)
1 creature vanquished.

Grand Total: 30 creatures vanquished

Notes
Turn   | Place    | Note
-------+----------+-------------------------------------------
     0 | D:1      | Cricketeer the Minotaur Berserker began the quest for the Orb.
     0 | D:1      | Reached XP level 1. HP: 19/19 MP: 0/0
    89 | D:1      | Found a shimmering altar of Xom.
   101 | D:1      | Reached XP level 2. HP: 27/27 MP: 1/1
   755 | D:2      | Reached XP level 3. HP: 24/34 MP: 2/2
   850 | D:2      | Found an ancient bone altar of Kikubaaqudgha.
   963 | D:2      | Reached ** piety under Trog
   976 | D:2      | Slain by a gnoll

Skill      XL: |  1  2 |
---------------+-------+-----
Fighting       | 4 |  4.3
Long Blades    | 4 |  4.4
Armour         | |  2.5
Dodging        | |  2.3
Stealth        | |  0.1

Action                   || total
-------------------------++-------
Melee: Falchion          ||    46
       Headbutt          ||    11
  Use: Scroll            ||     2
       Potion            ||     1
Armor: Animal skin       ||    11
       Robe              ||     8
       Skin              ||     1
Dodge: Dodged            ||    48
       Rpst.: Falchion   ||    10
